 Dungeon Crawl Stone Soup version 0.29.1-12-g30fa7ad0bf (webtiles) character file.

Game seed: 9168533066467145477

291 retardedninja the Trooper (level 6, -1/56 HPs)
             Began as a Hill Orc Fighter on Jan 5, 2023.
             Slain by Duvessa
             ... wielding a +0 short sword
              (4 damage)
             ... on level 4 of the Dungeon.
             The game lasted 00:03:44 (3694 turns).

retardedninja the Trooper (Hill Orc Fighter)        Turns: 3694, Time: 00:03:44

Health: -1/56      AC: 10    Str: 21    XL:     6   Next: 32%
Magic:  6/6        EV:  7    Int:  8    God:
Gold:   122        SH:  4    Dex: 10    Spells: 5/5 levels left

rFire   . . .      SeeInvis +   a - +0 war axe
rCold   . . .      Faith    .   c - +0 buckler
rNeg    . . .      Spirit   .   s - +0 chain mail
rPois   .          Reflect  .   (no helmet)
rElec   .          Harm     .   v - +0 cloak
rCorr   .          Rampage  .   (no gloves)
Will    .....                   (no boots)
Stlth   ..........              (no amulet)
HPRegen 0.18/turn               m - +4 ring of slaying
MPRegen 0.10/turn               q - ring of see invisible

@: mighty
A: no striking features
a: no special abilities


You were on level 4 of the Dungeon.
You visited 1 branch of the dungeon, and saw 4 of its levels.

You collected 122 gold pieces.

Inventory:

Hand Weapons
 a - a +0 war axe (weapon)
Armour
 c - a +0 buckler (worn)
 s - a +0 chain mail (worn)
 v - a +0 cloak (worn)
Jewellery
 m - a +4 ring of slaying (left hand)
 q - a ring of see invisible (right hand)
 u - a ring of poison resistance
 y - a ring of ice
Wands
 t - a wand of flame (28)
 A - a wand of mindburst (17)
Scrolls
 b - a scroll of teleportation {unknown}
 e - a scroll of noise {unknown}
 i - a scroll of torment {unknown}
 j - a scroll of poison {unknown}
 l - 2 scrolls of butterflies {unknown}
 n - a scroll of enchant armour {unknown}
 o - 2 scrolls of blinking {unknown}
 p - a scroll of magic mapping {unknown}
 z - 2 scrolls of identify
Potions
 f - 2 potions of attraction {unknown}
 g - a potion of brilliance {unknown}
 h - a potion of invisibility {unknown}
 k - 3 potions of curing
 r - 2 potions of degeneration
 w - 2 potions of flight
 x - a potion of heal wounds {unknown}


   Skills:
 + Level 5.1 Fighting
 + Level 4.9 Axes
 + Level 4.6 Armour
 + Level 4.7 Shields


You had 5 spell levels left.
You didn't know any spells.
Your spell library contained the following spells:

 Spells                   Type           Power      Damage    Failure   Level
 Magic Dart               Conj           0%         1d3       99%         1
 Call Imp                 Summ           0%         N/A       100%        2
 Mephitic Cloud           Conj/Pois/Air  0%         N/A       100%        3


Dungeon Overview and Level Annotations

Branches:
Dungeon (4/15)
 Temple: D:4-7

Altars:

Shops:
D:1 [

Annotations:
D:4 Duvessa


Message History

Dowan barely misses you.
Unknown command.
You slash Dowan!
Dowan is almost dead.
Dowan hits you but does no damage.
You are poisoned.
Dowan hits you but does no damage.
You are more poisoned.
Duvessa hits you but does no damage.
You barely miss Dowan.
Dowan is almost dead.
You slash Duvessa!
You feel extremely sick. Duvessa hits you with a +0 short sword.
Dowan hits you but does no damage.
You are more poisoned.
Unknown command.
You hit Dowan.
You kill Dowan!
Duvessa screams in rage.
Duvessa goes berserk!
You hit Duvessa.
You feel very sick. Duvessa hits you but does no damage.
Duvessa hits you with a +0 short sword!
You are too injured to fight recklessly!
You slash Duvessa!
Duvessa is heavily wounded.
You feel very sick. Duvessa hits you but does no damage.
Duvessa hits you with a +0 short sword.
* * * LOW HITPOINT WARNING * * *
It was a potion of curing.
You feel better. Duvessa hits you with a +0 short sword!
* * * LOW HITPOINT WARNING * * *
You barely miss Duvessa.
Duvessa is heavily wounded.
Duvessa barely misses you. Duvessa hits you with a +0 short sword!
* * * LOW HITPOINT WARNING * * *
Duvessa barely misses you.
You barely miss Duvessa.
Duvessa is heavily wounded.
Duvessa hits you with a +0 short sword.
You die...

#.# #........ #.#
#.............. #.#
######.............. #.#
#..........<........
#.###...................
#...<...................
#####.........##........
#####.........##.)......
.....########.##@e......
.....# #####...########
.....####...#...........
..........#.#...........
..........#.#...........
......[...#.#...........
............#...########
............#...#
................#


You could see Duvessa (berserk).

Vanquished Creatures
  A phantom (D:4)
  Dowan (D:4)
  An iguana (D:4)
  An orc wizard (D:3)
  A mummy (D:4)
  2 adders
  An ufetubus (D:4)
  A worm (D:2)
  2 dart slugs (D:1)
  4 orcs (D:3)
  5 ball pythons
  10 endoplasms
  6 giant cockroaches
  6 goblins
  6 hobgoblins
  4 jackals (D:4)
  2 quokkas
  4 bats
  5 frilled lizards
  A hobgoblin zombie (D:4)
  9 kobolds
  2 kobold zombies (D:4)
  An orc zombie (D:4)
  3 rats (D:3)
79 creatures vanquished.

Notes
Turn   | Place    | Note
-------+----------+-------------------------------------------
     0 | D:1      | retardedninja the Hill Orc Fighter began the quest for the
                  | Orb.
     0 | D:1      | Reached XP level 1. HP: 19/19 MP: 1/1
    58 | D:1      | Found Tujal's Armour Boutique.
   360 | D:1      | Reached XP level 2. HP: 24/27 MP: 2/2
   563 | D:1      | Reached skill level 4 in Fighting
   663 | D:1      | Reached XP level 3. HP: 33/33 MP: 3/3
  1121 | D:2      | Found a faded altar of an unknown god.
  2087 | D:3      | Reached XP level 4. HP: 24/40 MP: 4/4
  3323 | D:4      | Reached XP level 5. HP: 44/47 MP: 5/5
  3440 | D:4      | Noticed a phantom
  3450 | D:4      | Killed a phantom
  3451 | D:4      | Reached skill level 5 in Fighting
  3451 | D:4      | Reached XP level 6. HP: 56/56 MP: 6/6
  3683 | D:4      | Noticed Dowan
  3684 | D:4      | Noticed Duvessa
  3690 | D:4      | Killed Dowan
  3694 | D:4      | Slain by Duvessa

Illustrated notes

Levels and vault maps discovered:
D:1:      dpeg_arrival_refuge, layout_basic, serial_shops, shop
D:2:      layout_basic, shapermc_ecumenical_altar_totnotflames
D:3:      layout_loops_ring
D:4:      layout_basic, overflow_temple_1_default, serial_shops,
          nicolae_diamond_shop, grunt_ministairs_12, minmay_mini_ossuary,
          uniq_duvessa

Skill      XL: |  1  2  3  4  5 |
---------------+----------------+-----
Axes           | 3 4 |  4.9
Fighting       | 4 5 |  5.1
Shields        | 4 |  4.7
Armour         | 4 |  4.6

Action                   |  1- 3 |  4- 6 || total
-------------------------+-------+-------++-------
Melee: War axe           |   114 |    89 ||   203
  Use: Scroll            |       |     2 ||     2
       Potion            |       |     2 ||     2
Armor: Scale mail        |    47 |     1 ||    48
       Chain mail        |       |    45 ||    45
Dodge: Dodged            |    50 |    32 ||    82
Block: Buckler           |    22 |    14 ||    36
